 Dungeon Crawl Stone Soup version 0.29.0-4-gdea44cf6ec (webtiles) character file.

Game seed: 457920246916239796

6981 qw the Cleaver (level 10, -5/84 HPs)
             Began as a Demonspawn Cinder Acolyte on Sept 9, 2022.
             Was a Follower of Ignis.
             Slain by an orc warrior
             ... wielding a +0 glaive
              (19 damage)
             ... on level 10 of the Dungeon.
             The game lasted 00:03:17 (9773 turns).

qw the Cleaver (Demonspawn Cinder Acolyte)          Turns: 9773, Time: 00:03:18

Health: -5/84      AC: 27    Str: 18    XL:     10   Next: 81%
Magic:  11/11      EV: 10    Int: 16    God:    Ignis [*.....]
Gold:   468        SH:  0    Dex:  9    Spells: 11/11 levels left

rFire   + + .      SeeInvis .   Y - +1 war axe (flame)
rCold   . . .      Faith    .   (no shield)
rNeg    . . .      Spirit   .   i - +3 scale mail {rF+}
rPois   +          Reflect  .   (no helmet)
rElec   .          Harm     .   l - +0 cloak
rCorr   .          Rampage  .   (gloves unavailable)
Will    .....                   h - +2 pair of boots
Stlth   ..........              c - amulet of the acrobat
HPRegen 0.24/turn               s - ring of poison resistance
MPRegen 0.12/turn               r - +4 ring of protection

@: mighty, about to teleport, fiery-armoured
A: rugged brown scales 2, foul stench 1, powered by pain 1, demonic touch 3
a: Renounce Religion, Fiery Armour, Foxfire Swarm, Rising Flame


You were on level 10 of the Dungeon.
You worshipped Ignis.
Ignis was aware of your devotion.
You visited 1 branch of the dungeon, and saw 10 of its levels.
You also visited: Ossuary.

You collected 620 gold pieces.
You spent 152 gold pieces at shops.


Innate Abilities, Weirdness & Mutations

You are mostly covered in rugged brown scales. (AC +2, +5% HP)
You may rarely emit foul miasma when damaged in melee.
You sometimes gain a little power by taking damage.
Your touch may irresistibly damage your foes and sap their willpower.


   Skills:
 - Level 8.0 Fighting
 + Level 12.2 Axes
 - Level 4.2 Throwing
 - Level 4.0 Armour
 - Level 2.5 Dodging
 - Level 1.0 Spellcasting
 - Level 2.6 Fire Magic


You had 11 spell levels left.
You didn't know any spells.
Your spell library contained the following spells:

 Spells                   Type           Power      Damage    Failure   Level
 Scorch                   Fire           18%        2d6       34%         2

Inventory:

Hand Weapons
 Y - a +1 war axe of flaming (weapon)
Missiles
 a - 2 javelins (quivered)
 d - 4 boomerangs
Armour
 h - a +2 pair of boots (worn)
 i - a +3 scale mail of fire resistance (worn)
 l - a +0 cloak (worn)
 m - a +0 chain mail
Jewellery
 c - an amulet of the acrobat (around neck)
 o - a ring of protection from fire
 r - a +4 ring of protection (right hand)
 s - a ring of poison resistance (left hand)
Scrolls
 e - 4 scrolls of teleportation
 k - 7 scrolls of identify
Potions
 b - 4 potions of heal wounds
 f - 2 potions of might
 g - a potion of mutation
 j - 3 potions of curing
 n - a potion of resistance

Dungeon Overview and Level Annotations

Branches:
Dungeon (10/15)            Temple (0/1) D:4         Ossuary (visited)
   Lair: D:8-11         Orc: D:9-12

Altars:
Ashenzari
Cheibriados
Okawaru
Qazlal
Vehumet
Yredelemnul

Shops:
D:3 *   D:4 *

Annotations:
D:3 1 runed translucent door, Crazy Yiuf


Message History

The orc is almost dead.
The orc priest hits you but does no damage.
The orc priest is burned by your cloak of flames.
The orc priest is heavily wounded.
A goblin comes into view. It is wielding a +0 spear.
The gargoyle hits you with a +0 mace!
The orc warrior shoots a bolt.
The bolt hits you!
You focus on the pain.
You feel very mighty all of a sudden.
You hear a shout!
You barely miss the orc. Your touch misses the orc.
The orc is almost dead.
You slash the orc priest! You burn the orc priest.
You kill the orc priest!
You hit the gargoyle but do no damage. The orc hits you but does no damage.
The orc is burned by your cloak of flames.
You kill the orc!
The gargoyle hurls a stone arrow at you.
The stone arrow hits you.
A goblin comes into view. It is wielding a +0 spear.
The orc warrior shoots a bolt.
The bolt closely misses you.
You slash the gargoyle! You burn the gargoyle.
You touch the gargoyle!
You destroy the gargoyle!
A goblin comes into view. It is wielding a +0 spear.
The orc warrior shoots a bolt.
The bolt misses you.
Your Armour skill increases to level 4!
The orc warrior unwields a +0 arbalest.
The orc warrior wields a +0 glaive.
The orc warrior completely misses you.
You slash the orc warrior! You burn the orc warrior.
The orc warrior is heavily wounded.
You closely miss the orc warrior. Your touch misses the orc warrior.
The orc warrior is heavily wounded.
The orc warrior hits you with a +0 glaive!
The orc warrior is burned by your cloak of flames.
The orc warrior is severely wounded.
9773 ||| READING 5 scrolls of teleportation.
As you read the scroll of teleportation, it crumbles to dust.
You feel strangely unstable.
The orc warrior hits you with a +0 glaive!!
You die...

### .... ....
#.... ~~~
#####.....
#~.##.........
#~.#..........
#~.....?>.....
#~..[.<.......
.##~..).).......
~~~gg.)@........
...g..o...$.....
................
................
................
#....###########
#.... .....


You could see an orc warrior and 3 goblins.

Vanquished Creatures
  3 two-headed ogres
  A gargoyle (D:10)
  A troll (D:9)
  6 yaks (D:7)
  Sigmund (D:3)
  2 wyverns
  2 orc warriors
  An ice beast (D:8)
  A sky beast (D:7)
  A black bear (D:6)
  An ogre (D:4)
  2 centaurs
  A phantom (D:5)
  2 kobold brigands
  A bullfrog (D:9)
  A necrophage (D:6)
  A wyvern zombie (Ossuary)
  2 scorpions (D:6)
  4 wights (D:7)
  A water moccasin zombie (Ossuary)
  4 killer bees (D:9)
  5 howler monkeys
  6 bullfrog zombies (Ossuary)
  2 centaur zombies (Ossuary)
  A jelly (D:7)
  5 hounds
  10 orc priests
  12 mummies (Ossuary)
  A gnoll bouda (D:5)
  5 orc wizards
  5 iguanas
  A killer bee zombie (Ossuary)
  A howler monkey zombie (Ossuary)
  5 gnolls (D:5)
  3 adders
  4 white imps
  An ufetubus (D:6)
  3 worms
  3 dart slugs
  27 orcs
  6 ball pythons
  13 endoplasms
  3 giant cockroaches
  7 goblins
  5 hobgoblins
  5 jackals
  15 kobolds
  7 quokkas
  8 bats
  5 frilled lizards
  6 rats
219 creatures vanquished.

Vanquished Creatures (others)
  8 withered plants (Ossuary)
8 creatures vanquished.

Grand Total: 227 creatures vanquished

Notes
Turn   | Place    | Note
-------+----------+-------------------------------------------
     0 | D:1      | qw the Demonspawn Cinder Acolyte began the quest for the
                  | Orb.
     0 | D:1      | Reached XP level 1. HP: 18/18 MP: 2/2
     0 | D:1      | 0 ||| qw: Version: 0.1-a-113-g051387a
     0 | D:1      | 0 ||| qw: Game counter: 7069
     0 | D:1      | 0 ||| qw: Always use a shield: true
     0 | D:1      | 0 ||| qw: God list: Okawaru
     0 | D:1      | 0 ||| qw: Allow faded altars: false
     0 | D:1      | 0 ||| qw: Do Orc after D:15 true
     0 | D:1      | 0 ||| qw: Do second Lair branch before Depths: true
     0 | D:1      | 0 ||| qw: Lair rune preference: random
     0 | D:1      | 0 ||| qw: Plans: Normal
     0 | D:1      | 0 ||| PLANNING D:1-11
   164 | D:1      | Reached skill level 3 in Axes
   264 | D:1      | Gained mutation: You may rarely emit foul miasma when
                  | damaged in melee. [demonic ancestry]
   264 | D:1      | Reached XP level 2. HP: 24/24 MP: 3/3
   639 | D:1      | Found a faded altar of an unknown god.
   755 | D:1      | 755 ||| UPGRADING to +0 leather armour.
   765 | D:1      | 765 ||| DROPPING +0 robe.
   766 | D:1      | 766 ||| UPGRADING to ring of protection from fire.
   792 | D:2      | 792 ||| STAIRDANCE
  1039 | D:2      | Gained mutation: You sometimes gain a little power by
                  | taking damage. [demonic ancestry]
  1039 | D:2      | Reached XP level 3. HP: 27/29 MP: 4/4
  1153 | D:2      | Reached skill level 4 in Axes
  1209 | D:2      | 1209 ||| Stepping ~*~*~tactically~*~*~ (stealth).
  1226 | D:2      | 1226 ||| INVOKING Fiery Armour.
  1406 | D:2      | Found a radiant altar of Vehumet.
  1562 | D:2      | Reached skill level 1 in Dodging
  1858 | D:2      | 1858 ||| UPGRADING to +0 pair of boots.
  1863 | D:2      | 1863 ||| READING scroll labelled UGUIBO VOMIRAH.
  1864 | D:2      | 1864 ||| READING scroll labelled XILUZO YLERRUUP.
  2056 | D:3      | 2056 ||| Stepping ~*~*~tactically~*~*~ (stealth).
  2108 | D:3      | Found Xerucuhi's Assorted Antiques.
  2118 | D:3      | 2118 ||| SHOPLISTING 2 scrolls of enchant armour (285 gold,
                  | have 158).
  2118 | D:3      | 2118 ||| BUYING glowing scale mail (133 gold).
  2118 | D:3      | Bought a glowing scale mail for 133 gold pieces
  2118 | D:3      | 2118 ||| SHOPLISTING kite shield (85 gold, have 25).
  2118 | D:3      | 2118 ||| SHOPLISTING pair of gloves (85 gold, have 25).
  2118 | D:3      | 2118 ||| BUYING scroll labelled KEBOIT FUNN (19 gold).
  2118 | D:3      | Bought a scroll labelled KEBOIT FUNN for 19 gold pieces
  2118 | D:3      | 2118 ||| SHOPLISTING scroll labelled KEBOIT FUNN (19 gold,
                  | have 6).
  2118 | D:3      | 2118 ||| SHOPLISTING sedimented black potion (17 gold, have
                  | 6).
  2184 | D:3      | Gained mutation: Your touch may inflict minor irresistible
                  | damage on your foes. [demonic ancestry]
  2184 | D:3      | Reached XP level 4. HP: 35/35 MP: 5/5
  2245 | D:3      | Found a runed translucent door.
  2246 | D:3      | Noticed Crazy Yiuf
  2306 | D:3      | Noticed Sigmund
  2313 | D:3      | Killed Sigmund
  2314 | D:3      | Reached skill level 5 in Axes
  2314 | D:3      | Gained mutation: You are partially covered in rugged brown
                  | scales. (AC +1, +3% HP) [demonic ancestry]
  2314 | D:3      | Reached XP level 5. HP: 26/42 MP: 6/6
  2707 | D:3      | 2707 ||| READING scroll of enchant armour.
  2707 | D:3      | 2707 ||| ENCHANTING +0 pair of boots.
  2846 | D:3      | 2846 ||| Stepping ~*~*~tactically~*~*~ (stealth).
  3012 | D:3      | 3012 ||| UPGRADING to +3 scale mail of fire resistance.
  3022 | D:3      | 3022 ||| DROPPING +0 leather armour.
  3023 | D:3      | 3023 ||| READING scroll labelled SEFOED TELOZEGUDGH.
  3024 | D:3      | 3024 ||| READING scroll labelled KEBOIT FUNN.
  3104 | D:3      | 3104 ||| READING 4 scrolls labelled IPLUDI GIRI.
  3105 | D:3      | 3105 ||| READING 2 scrolls labelled JIHOXZ HOULIL.
  3106 | D:3      | 3106 ||| READING scroll labelled HAEREK FATIX.
  3107 | D:3      | 3107 ||| READING scroll labelled GYCLAIMUPI.
  3108 | D:3      | 3108 ||| DRINKING 2 brown potions.
  3109 | D:3      | 3109 ||| READING 3 scrolls of identify.
  3109 | D:3      | 3109 ||| IDENTIFYING orange potion
  3110 | D:3      | 3110 ||| READING 2 scrolls of identify.
  3110 | D:3      | 3110 ||| IDENTIFYING puce potion
  3111 | D:3      | 3111 ||| DROPPING potion of magic.
  3112 | D:3      | 3112 ||| DROPPING scroll of immolation.
  3151 | D:4      | 3151 ||| INVOKING Fiery Armour.
  3152 | D:4      | 3152 ||| STAIRDANCE
  3328 | D:4      | 3328 ||| STAIRDANCE
  3330 | D:4      | 3330 ||| STAIRDANCE
  3489 | D:4      | 3489 ||| INVOKING Fiery Armour.
  3496 | D:4      | Reached skill level 1 in Armour
  3496 | D:4      | Reached XP level 6. HP: 48/48 MP: 7/7
  3499 | D:4      | Reached skill level 6 in Axes
  3515 | D:4      | 3515 ||| SWAPPING to +0 war axe.
  3699 | D:4      | Found a staircase to the Ecumenical Temple.
  3701 | D:4      | 3701 ||| FLEEEEING.
  3702 | D:4      | 3702 ||| FLEEEEING.
  3703 | D:4      | 3703 ||| FLEEEEING.
  3706 | D:4      | 3706 ||| FLEEEEING.
  3707 | D:4      | 3707 ||| FLEEEEING.
  3708 | D:4      | 3708 ||| FLEEEEING.
  3713 | D:4      | 3713 ||| FLEEEEING.
  3714 | D:4      | 3714 ||| FLEEEEING.
  3715 | D:4      | 3715 ||| FLEEEEING.
  3716 | D:4      | 3716 ||| FLEEEEING.
  3717 | D:4      | 3717 ||| FLEEEEING.
  3720 | D:4      | 3720 ||| FLEEEEING.
  3721 | D:4      | 3721 ||| FLEEEEING.
  3723 | D:4      | 3723 ||| STAIRDANCE
  3824 | D:3      | 3824 ||| READING 3 scrolls of identify.
  3824 | D:3      | 3824 ||| IDENTIFYING white potion
  3825 | D:3      | 3825 ||| READING 2 scrolls of identify.
  3825 | D:3      | 3825 ||| IDENTIFYING amethyst potion
  3826 | D:3      | 3826 ||| DROPPING potion of invisibility.
  4073 | D:4      | Reached XP level 7. HP: 55/55 MP: 8/8
  4396 | D:4      | Found Jibeisuh's Elemental Accessories.
  4502 | D:4      | 4502 ||| UPGRADING to +0 cloak.
  4507 | D:4      | 4507 ||| READING scroll labelled OFOIPA YRUGIE.
  4608 | D:4      | 4608 ||| READING scroll labelled PIZIAR ZEDGHYV.
  4609 | D:4      | 4609 ||| DRINKING 2 fuming green potions.
  4645 | D:4      | 4645 ||| DROPPING potion of lignification.
  4650 | D:5      | Entered Level 5 of the Dungeon
  4651 | D:5      | 4651 ||| PLANNING OSSUARY
  4651 | D:5      | 4651 ||| STAIRDANCE
  4658 | D:5      | 4658 ||| STAIRDANCE
  4715 | D:5      | 4715 ||| INVOKING Fiery Armour.
  4721 | D:5      | Reached skill level 7 in Axes
  4725 | D:5      | Reached skill level 1 in Throwing
  5071 | D:5      | Found a sand-covered staircase.
  5072 | D:5      | 5072 ||| READING scroll labelled MOZUAM WIGI.
  5214 | D:5      | 5214 ||| READING scroll labelled RUEQ XOCVEETZ.
  5215 | D:5      | 5215 ||| READING 2 scrolls of identify.
  5215 | D:5      | 5215 ||| IDENTIFYING green potion
  5216 | D:5      | 5216 ||| DROPPING potion of flight.
  5225 | Ossuary  | Entered an ossuary
  5226 | Ossuary  | 5226 ||| Stepping ~*~*~tactically~*~*~ (hiding).
  5230 | Ossuary  | 5230 ||| Stepping ~*~*~tactically~*~*~ (water).
  5240 | Ossuary  | 5240 ||| INVOKING Fiery Armour.
  5250 | Ossuary  | 5250 ||| Stepping ~*~*~tactically~*~*~ (water).
  5254 | Ossuary  | Gained mutation: You are mostly covered in rugged brown
                  | scales. (AC +2, +5% HP) [demonic ancestry]
  5254 | Ossuary  | Reached XP level 8. HP: 24/63 MP: 9/9
  5302 | Ossuary  | 5302 ||| Stepping ~*~*~tactically~*~*~ (stealth).
  5309 | Ossuary  | Reached skill level 8 in Axes
  5312 | Ossuary  | 5312 ||| Stepping ~*~*~tactically~*~*~ (stealth).
  5478 | Ossuary  | 5478 ||| Stepping ~*~*~tactically~*~*~ (hiding).
  5594 | Ossuary  | 5594 ||| Stepping ~*~*~tactically~*~*~ (water).
  5737 | Ossuary  | 5737 ||| READING scroll of enchant armour.
  5737 | Ossuary  | 5737 ||| ENCHANTING +1 pair of boots.
  5756 | Ossuary  | 5756 ||| Stepping ~*~*~tactically~*~*~ (water).
  5883 | Ossuary  | 5883 ||| UPGRADING to +4 ring of protection.
  5884 | Ossuary  | 5884 ||| UPGRADING to ring of poison resistance.
  5886 | Ossuary  | 5886 ||| READING scroll labelled QEOZOJ UXUPE.
  5887 | Ossuary  | 5887 ||| READING scroll labelled VUITESMABO.
  5888 | Ossuary  | 5888 ||| DRINKING 2 blue potions.
  5889 | Ossuary  | 5889 ||| DRINKING 2 glowing sapphire potions.
  5994 | Ossuary  | 5994 ||| DRINKING 2 bubbling coppery potions.
  5995 | Ossuary  | 5995 ||| DROPPING potion of berserk rage.
  5996 | Ossuary  | 5996 ||| DROPPING potion of brilliance.
  6006 | D:5      | 6006 ||| PLANNING D:1-11
  6290 | D:5      | Found a basalt altar of Yredelemnul.
  6488 | D:5      | 6488 ||| DROPPING ring of wizardry.
  6530 | D:6      | Reached skill level 9 in Axes
  6597 | D:6      | 6597 ||| READING 3 scrolls of brand weapon.
  6597 | D:6      | 6597 ||| BRANDING +1 war axe of protection.
  6598 | D:6      | 6598 ||| DROPPING -1 hand axe of flaming.
  6599 | D:6      | 6599 ||| READING 2 scrolls of brand weapon.
  6599 | D:6      | 6599 ||| BRANDING +1 war axe of flaming.
  6600 | D:6      | 6600 ||| READING scroll of brand weapon.
  6600 | D:6      | 6600 ||| BRANDING +1 vorpal war axe.
  6618 | D:6      | 6618 ||| INVOKING Fiery Armour.
  6775 | D:6      | 6775 ||| Stepping ~*~*~tactically~*~*~ (stealth).
  6795 | D:6      | 6795 ||| Stepping ~*~*~tactically~*~*~ (stealth).
  6845 | D:6      | Reached skill level 6 in Fighting
  6876 | D:6      | 6876 ||| Stepping ~*~*~tactically~*~*~ (stealth).
  6878 | D:6      | 6878 ||| FLEEEEING.
  6879 | D:6      | 6879 ||| FLEEEEING.
  6880 | D:6      | 6880 ||| FLEEEEING.
  6881 | D:6      | 6881 ||| FLEEEEING.
  6882 | D:6      | 6882 ||| FLEEEEING.
  6883 | D:6      | 6883 ||| FLEEEEING.
  6884 | D:6      | 6884 ||| FLEEEEING.
  6885 | D:6      | 6885 ||| FLEEEEING.
  6886 | D:6      | 6886 ||| FLEEEEING.
  6888 | D:6      | 6888 ||| FLEEEEING.
  6889 | D:6      | 6889 ||| FLEEEEING.
  6890 | D:6      | 6890 ||| FLEEEEING.
  6891 | D:6      | 6891 ||| FLEEEEING.
  6892 | D:6      | 6892 ||| FLEEEEING.
  6893 | D:6      | 6893 ||| FLEEEEING.
  6894 | D:6      | 6894 ||| FLEEEEING.
  6895 | D:6      | 6895 ||| FLEEEEING.
  6896 | D:6      | 6896 ||| FLEEEEING.
  6897 | D:6      | 6897 ||| FLEEEEING.
  6898 | D:6      | 6898 ||| FLEEEEING.
  6899 | D:6      | 6899 ||| STAIRDANCE
  6937 | D:5      | 6937 ||| UPGRADING to amulet of the acrobat.
  6942 | D:5      | 6942 ||| DROPPING ring of magical power.
  6947 | D:6      | 6947 ||| Stepping ~*~*~tactically~*~*~ (hiding).
  6948 | D:6      | 6948 ||| INVOKING Fiery Armour.
  6951 | D:6      | 6951 ||| STAIRDANCE
  7059 | D:6      | 7059 ||| STAIRDANCE
  7121 | D:6      | 7121 ||| Stepping ~*~*~tactically~*~*~ (hiding).
  7122 | D:6      | 7122 ||| Stepping ~*~*~tactically~*~*~ (hiding).
  7127 | D:6      | Gained mutation: Your touch may inflict irresistible damage
                  | on your foes. [demonic ancestry]
  7127 | D:6      | Reached XP level 9. HP: 72/72 MP: 10/10
  7129 | D:6      | 7129 ||| INVOKING Fiery Armour.
  7260 | D:6      | 7260 ||| Stepping ~*~*~tactically~*~*~ (hiding).
  7261 | D:6      | 7261 ||| Stepping ~*~*~tactically~*~*~ (hiding).
  7264 | D:6      | 7264 ||| Stepping ~*~*~tactically~*~*~ (hiding).
  7308 | D:6      | Found an iron altar of Okawaru.
  7468 | D:7      | 7468 ||| INVOKING Fiery Armour.
  7477 | D:7      | Reached skill level 10 in Axes
  7479 | D:7      | Reached skill level 3 in Armour
  7570 | D:7      | 7570 ||| INVOKING Fiery Armour.
  8148 | D:8      | 8148 ||| Stepping ~*~*~tactically~*~*~ (stealth).
  8151 | D:8      | 8151 ||| Stepping ~*~*~tactically~*~*~ (stealth).
  8163 | D:8      | 8163 ||| Stepping ~*~*~tactically~*~*~ (stealth).
  8164 | D:8      | 8164 ||| Stepping ~*~*~tactically~*~*~ (stealth).
  8166 | D:8      | 8166 ||| Stepping ~*~*~tactically~*~*~ (stealth).
  8174 | D:8      | 8174 ||| Stepping ~*~*~tactically~*~*~ (stealth).
  8176 | D:8      | 8176 ||| Stepping ~*~*~tactically~*~*~ (stealth).
  8422 | D:8      | Noticed a two-headed ogre
  8431 | D:8      | Killed a two-headed ogre
  8432 | D:8      | Reached skill level 11 in Axes
  8432 | D:8      | Gained mutation: Your touch may irresistibly damage your
                  | foes and sap their willpower. [demonic ancestry]
  8432 | D:8      | Reached XP level 10. HP: 55/82 MP: 11/11
  8890 | D:8      | 8890 ||| READING scroll labelled UGUV XUDATS.
  8891 | D:8      | 8891 ||| READING scroll labelled OMAFEL KEKAAMICK.
  8892 | D:8      | 8892 ||| READING 8 scrolls of identify.
  8892 | D:8      | 8892 ||| IDENTIFYING emerald potion
  8927 | D:9      | Found a snail-covered altar of Cheibriados.
  8958 | D:9      | Noticed a two-headed ogre
  8960 | D:9      | 8960 ||| INVOKING Fiery Armour.
  8964 | D:9      | Killed a two-headed ogre
  9028 | D:9      | Found a broken altar of Ashenzari.
  9045 | D:9      | 9045 ||| Stepping ~*~*~tactically~*~*~ (stealth).
  9079 | D:9      | 9079 ||| Stepping ~*~*~tactically~*~*~ (stealth).
  9141 | D:9      | 9141 ||| Stepping ~*~*~tactically~*~*~ (stealth).
  9266 | D:9      | 9266 ||| Stepping ~*~*~tactically~*~*~ (stealth).
  9272 | D:9      | 9272 ||| Stepping ~*~*~tactically~*~*~ (hiding).
  9359 | D:9      | Found a stormy altar of Qazlal.
  9760 | D:10     | Entered Level 10 of the Dungeon
  9760 | D:10     | Noticed a gargoyle
  9760 | D:10     | Noticed a two-headed ogre
  9761 | D:10     | 9761 ||| INVOKING Fiery Armour.
  9766 | D:10     | Killed a two-headed ogre
  9767 | D:10     | Reached skill level 12 in Axes
  9769 | D:10     | Killed a gargoyle
  9772 | D:10     | HP: 14/84 [orc warrior/+0 glaive (13)]
  9773 | D:10     | 9773 ||| READING 5 scrolls of teleportation.
  9773 | D:10     | Slain by an orc warrior

Levels and vault maps discovered:
D:1:      amcnicky_arrival_single_pillar, layout_rooms,
          ebering_ecumenical_altar_hall
D:2:      layout_basic, serial_rivers, chequers_serial_rivers_large_a,
          chequers_serial_rivers_marsh, chequers_serial_rivers_small_3,
          chequers_serial_rivers_micro_b, chequers_serial_rivers_micro_c,
          basic_altar, minmay_tetromino_s2
D:3:      layout_basic, serial_shops, nicolae_diamond_shop, minmay_statues_item,
          corexii_shack, uniq_sigmund, uniq_crazy_yiuf_cottage
D:4:      layout_cave_pods, minmay_temple_entry_proselytizer,
          nicolae_elemental_shop
D:5:      layout_basic, mainiacjoe_overflow_surrounded_room, enter_ossuary_1
D:6:      layout_rooms, okawaru_gym_becter
D:7:      layout_basic
D:8:      layout_cave_pools
D:9:      layout_loops_cross, mainiacjoe_overflow_catwalk, ashenzari_altar_1,
          kennysheep_slug_shrine
D:10:     wander_kiku_kobolds, layout_rooms, kennysheep_little_box, orc_0_dummy,
          enter_bailey_3

Skill      XL: |  1  2  3  4  5  6  7  8  9 10 |
---------------+-------------------------------+-----
Axes           | 3 4 5 6 7 9 11 12 | 12.2
Dodging        | 1 2 |  2.5
Armour         | 1 2 3 4 |  4.0
Fighting       | 4 6 7 8 |  8.0
Throwing       | 2 4 |  4.2
Spellcasting   | |  1.0
Fire Magic     | |  2.6

Action                   |  1- 3 |  4- 6 |  7- 9 | 10-12 || total
-------------------------+-------+-------+-------+-------++-------
Melee: Hand axe          |   147 |    42 |       |       ||   189
       Punch             |     1 |       |     4 |     1 ||     6
       Touch             |       |    11 |    46 |     9 ||    66
       War axe           |       |    22 |   245 |    60 ||   327
Throw: Boomerang         |       |    18 |    36 |    13 ||    67
       Javelin           |       |       |    46 |    10 ||    56
Invok: Fiery Armour      |     1 |     2 |     7 |     2 ||    12
  Use: Scroll            |     2 |    11 |    11 |     4 ||    28
       Potion            |       |     1 |     4 |       ||     5
Armor: Robe              |     9 |       |       |       ||     9
       Leather armour    |    27 |     3 |       |       ||    30
       Scale mail        |       |    26 |   176 |    43 ||   245
Dodge: Dodged            |    90 |    29 |   116 |    36 ||   271

Table legend:
 A = Non-vault XP
 B = Vault XP
 C = Vault XP percentage of total XP
 D = Non-vault monster count
 E = Vault monster count
 F = Vault count percentage of total count
                 A         B        C        D         E       F
            +---------+---------+-------+---------+---------+-------
      Total |    8808 |    1166 |  11.7 |     189 |      30 |  13.7
            +---------+---------+-------+---------+---------+-------
        D:1 |      28 |       0 |   0.0 |      18 |       0 |   0.0
        D:2 |      40 |       4 |   9.1 |      21 |       2 |   8.7
        D:3 |      86 |     217 |  71.6 |      22 |       2 |   8.3
        D:4 |     456 |      38 |   7.7 |      26 |       1 |   3.7
        D:5 |     434 |       0 |   0.0 |      17 |       0 |   0.0
        D:6 |     905 |       0 |   0.0 |      24 |       0 |   0.0
        D:7 |    1816 |       0 |   0.0 |      17 |       0 |   0.0
        D:8 |    1432 |       0 |   0.0 |      14 |       0 |   0.0
        D:9 |    2326 |       4 |   0.2 |      26 |       1 |   3.7
       D:10 |    1285 |       0 |   0.0 |       4 |       0 |   0.0
    Ossuary |       0 |     903 | 100.0 |       0 |      24 | 100.0
            +---------+---------+-------+---------+---------+-------
